Map: Jagannatha LE

Players

Rhizer

  • Race: Protoss Protoss

MCanning - Winner!

  • Race: Protoss Protoss
  • League: Master

VOD

Have the link to the VOD?

Description

Time

  • Played on: July 24, 2021, 6:16 p.m.
  • Length: 8:43
Show
View Real Time Build Order
Export as new Build Order

Rhizer Protoss 

Build Orders:  

Get SALT Encoding   

  12  0:00  Probe  
  13  0:12  Probe  
  14  0:18  Pylon  
  14  0:24  Probe (Chrono Boost)  
  15  0:37  Probe (Chrono Boost)  
  15  0:39  Gateway  
  16  0:45  Probe (Chrono Boost)  
  16  0:46  Assimilator  
  17  0:51  Probe  
  17  0:55  Assimilator  
  18  1:03  Probe (Chrono Boost)  
  19  1:09  Gateway  
  19  1:15  Probe (Chrono Boost)  
  20  1:21  Probe (Chrono Boost)  
  21  1:26  Cybernetics Core  
  21  1:29  Probe  
  22  1:38  Pylon  
  22  1:41  Probe  
  23  2:00  Warp Gate (Chrono Boost)  
  24  2:03  Stalker x2  
  27  2:33  Stalker x2  
  31  2:40  Robotics Facility  
  31  2:42  Gateway  
  31  2:48  Pylon  
  30  3:06  Stalker x2  
  30  3:12  Pylon  
  34  3:29  Warp Prism (Chrono Boost)  
  36  3:44  Stalker x2  
  40  3:53  Stalker  
  42  3:57  Pylon  
  43  4:10  Observer  
  43  4:24  Stalker x2  
  43  4:25  Stalker  
  49  4:52  Stalker  
  49  4:53  Stalker x2  
  49  4:56  Pylon  
  55  5:16  Stalker x2  
  55  5:18  Stalker  
  47  5:52  Stalker x2  
  47  5:53  Stalker  
  53  5:58  Robotics Bay  
  49  6:20  Probe  
  50  6:32  Nexus  
  50  6:35  Probe  
  51  6:43  Disruptor (Chrono Boost)  
  54  6:53  Probe  
  55  6:56  Twilight Council  
  55  7:02  Pylon, Observer  
  55  7:08  Disruptor (Chrono Boost)  
  55  7:10  Probe  
  59  7:22  Probe  
  58  7:36  Observer (Chrono Boost)  
  58  7:37  Probe  
  58  7:43  Dark Shrine  
  59  7:45  Gateway  
  59  7:46  Probe  
  59  7:49  Probe  
  61  7:59  Probe (Chrono Boost)  
  61  8:03  Probe (Chrono Boost)  
  60  8:11  Probe (Chrono Boost)  
  60  8:12  Pylon  
  61  8:15  Probe (Chrono Boost)  
  61  8:18  Assimilator  
  61  8:19  Probe (Chrono Boost)  
  63  8:20  Probe (Chrono Boost)  
  63  8:25  Probe  
  65  8:30  Probe  
Show
View Real Time Build Order
Export as new Build Order

MCanning Protoss - Winner!

Build Orders:  

Get SALT Encoding   

  12  0:00  Probe  
  13  0:12  Probe  
  14  0:17  Pylon  
  14  0:24  Probe  
  15  0:36  Probe (Chrono Boost)  
  15  0:38  Gateway  
  16  0:47  Probe (Chrono Boost), Assimilator  
  17  0:52  Probe (Chrono Boost)  
  17  0:56  Assimilator  
  18  1:03  Probe (Chrono Boost)  
  19  1:12  Probe (Chrono Boost), Gateway  
  19  1:17  Probe (Chrono Boost)  
  21  1:27  Cybernetics Core  
  21  1:31  Probe  
  22  1:39  Pylon  
  22  1:43  Probe  
  23  1:57  Probe  
  24  2:03  Stalker  
  24  2:04  Sentry, Warp Gate  
  28  2:09  Probe  
  28  2:14  Pylon  
  29  2:22  Pylon  
  29  2:23  Probe  
  30  2:32  Stalker  
  32  2:39  Stalker  
  34  2:57  Nexus  
  34  3:04  Shield Battery  
  34  3:07  Probe (Chrono Boost)  
  35  3:13  Sentry  
  35  3:18  Pylon, Probe (Chrono Boost)  
  38  3:22  Probe (Chrono Boost)  
  39  3:36  Robotics Facility  
  39  3:45  Shield Battery  
  39  3:49  Shield Battery  
  39  3:52  Sentry, Stalker  
  43  4:02  Pylon  
  43  4:15  Sentry  
  43  4:16  Stalker  
  48  4:26  Immortal (Chrono Boost)  
  51  4:39  Stalker  
  51  4:43  Pylon  
  51  4:44  Stalker  
  55  4:56  Shield Battery  
  55  5:07  Immortal (Chrono Boost)  
  55  5:09  Stalker  
  55  5:10  Probe  
  55  5:13  Probe  
  63  5:25  Robotics Bay  
  63  5:26  Zealot  
  57  5:36  Stalker  
  59  5:46  Immortal (Chrono Boost)  
  59  5:50  Zealot  
  59  5:55  Shield Battery  
  61  6:01  Zealot  
  61  6:03  Probe  
  64  6:12  Stalker  
  66  6:18  Gateway  
  66  6:23  Disruptor (Chrono Boost)  
  67  6:25  Pylon  
  69  6:39  Probe x2  
  71  6:41  Stalker  
  71  6:43  Stalker  
  71  6:45  Pylon  
  75  6:53  Probe  
  76  6:58  Observer (Chrono Boost)  
  76  7:00  Gateway  
  77  7:07  Assimilator x2  
  77  7:09  Zealot  
  77  7:10  Probe, Observer  
  77  7:11  Probe  
  81  7:31  Probe  
  81  7:35  Probe (Chrono Boost)  
  83  7:43  Probe (Chrono Boost)  
  83  7:44  Twilight Council, Gateway  
  84  7:46  Pylon  
  84  7:47  Probe (Chrono Boost)  
  85  7:51  Disruptor (Chrono Boost)  
  85  7:52  Probe (Chrono Boost)  
  85  7:56  Observer  
  89  8:03  Probe, Observer  
  90  8:15  Forge  
  90  8:17  Nexus  
  90  8:18  Pylon  
Tags
 
Add a new tag
Caveats
  • Supply blocks, unpowered buildings, or Contaminate may cause inaccurate times.
  • Supply counts are checked every 10 seconds.